 Dungeon Crawl Stone Soup version 0.26.1-11-gd32895ea62 (webtiles) character file.

Game seed: 14690186126208821697

7324 Tirrikindir the Carver (level 11, -5/75 (79) HPs)
             Began as an Octopode Fighter on May 24, 2021.
             Was an Initiate of Gozag.
             Killed from afar by Josephine (24 damage)
             ... with a ghostly fireball
             ... on level 10 of the Dungeon.
             The game lasted 00:38:23 (12960 turns).

Tirrikindir the Carver (Octopode Fighter)          Turns: 12960, Time: 00:38:23

HP:   -5/75 (79)    AC:  3    Str: 18    XL:     11   Next: 13%
MP:   11/11         EV: 15    Int: 11    God:    Gozag
Gold: 1033          SH: 20    Dex: 12    Spells: 10/10 levels left

rFire    . . .     SeeInvis .   B - +4 long sword (holy)
rCold    . . .     Faith    .   b - +1 kite shield
rNeg     . . .     Spirit   .   (helmet restricted)
rPois    .         Reflect  +   A - amulet of reflection
rElec    .         Harm     .   (no ring)
rCorr    .         Rampage  .   (no ring)
Will     .....                  (no ring)
Stlth    +++++.....             (no ring)
HPRegen  0.22/turn              (no ring)
MPRegen  0.12/turn              (no ring)
                                (no ring)
                                (no ring)

@: lethally poisoned (-5 -> -11), about to teleport, gold aura, drained
A: almost no armour, stealthy swim, amphibious, 8 rings, constrict 8, antennae
1, tentacle spike 1, large bone plates 1, thin metallic scales 1, camouflage 1,
robust 1, gelatinous body 1, evolution 1
a: Renounce Religion, Potion Petition, Call Merchant, Bribe Branch


You were on level 10 of the Dungeon.
You worshipped Gozag.
Gozag was most pleased with you.
You visited 2 branches of the dungeon, and saw 11 of its levels.
You also visited: Sewer, Ossuary and Bailey.

You collected 2358 gold pieces.
You spent 156 gold pieces at shops.
You paid 1169 gold pieces to Gozag.

Inventory:

Hand Weapons
 t - a +0 rapier
 B - a +4 long sword of holy wrath (weapon)
Missiles
 w - 47 poisoned darts (quivered)
Armour
 b - a +1 kite shield (worn)
Jewellery
 A - an amulet of reflection (around mantle)
Wands
 j - a wand of digging (7)
 x - a wand of iceblast (4)
 y - a wand of enslavement (4)
 D - a wand of disintegration (6)
Scrolls
 a - a scroll of immolation
 e - 2 scrolls of amnesia
 f - 9 scrolls of remove curse
 i - 6 scrolls of teleportation
 l - 3 scrolls of magic mapping
 m - 3 scrolls of identify
 n - a scroll of fog
 p - a scroll of holy word
Potions
 c - 2 potions of might
 d - 4 potions of curing
 g - 3 potions of lignification
 h - a potion of resistance
 k - a potion of magic
 o - a potion of cancellation
 q - 5 potions of haste
 r - 2 potions of brilliance
 s - 2 potions of flight
 u - a potion of mutation
 v - 3 potions of heal wounds
 z - a potion of ambrosia
 C - a potion of invisibility
Miscellaneous
 E - a box of beasts


   Skills:
 + Level 6.1 Fighting
 * Level 10.2 Long Blades
 * Level 7.7 Dodging
 + Level 7.7 Stealth
 * Level 7.6 Shields
 + Level 5.3 Evocations


You had 10 spell levels left.
You didn't know any spells.
Your spell library contained the following spells:

 Spells                   Type           Power        Failure   Level
 Beastly Appendage        Tmut           0%           65%         1
 Foxfire                  Conj/Fire      0%           65%         1
 Wereblood                Tmut           0%           80%         2
 Spider Form              Tmut/Pois      0%           95%         3
 Cause Fear               Hex            0%           100%        4
 Ice Form                 Ice/Tmut       0%           100%        4
 Blade Hands              Tmut           0%           100%        5
 Dragon Form              Tmut           0%           100%        7
 Dragon's Call            Summ           0%           100%        9


Dungeon Overview and Level Annotations

Branches:
Dungeon (10/15)            Temple (1/1) D:5           Sewer (visited)
Ossuary (visited)          Bailey (visited)
   Lair: D:8-11         Orc: D:9-12

Altars:
Ashenzari
Cheibriados
Dithmenos
Elyvilon
Fedhas
Gozag
Hepliaklqana
Kikubaaqudgha
Makhleb
Nemelex Xobeh
Okawaru
Qazlal
Ru
Sif Muna
Trog
Uskayaw
Vehumet
Wu Jian
Xom
Yredelemnul
Zin
The Shining One

Shops:
D:5 ((}*   D:7 }   D:8 (}

Annotations:
D:10 Josephine


Innate Abilities, Weirdness & Mutations

You cannot wear most types of armour.
You are very stealthy in the water. (Stealth+)
You are amphibious.
You can wear up to eight rings at the same time.
You can use your tentacles to constrict eight enemies at once.
Your skin changes colour to match your surroundings (Stealth+).
Your rubbery body absorbs attacks. (AC +1, EV +1)
You have a pair of small antennae on your head.
One of your tentacles bears a spike.
You are partially covered in large bone plates. (SH +4)
You are partially covered in thin metallic scales. (AC +2)
You are robust. (+10% HP)
You evolve.


Message History

The wraith partially resists.
The wraith is heavily damaged.
The iceblast engulfs Josephine!
Josephine is severely wounded.
The red ugly thing gurgles horribly!
You hear a bellow!
You hear a shout! x2
You block the wraith's attack.
Josephine hits you with a +5 dagger of venom.
* * * LOW HITPOINT WARNING * * *
You are poisoned.
You feel sick. You block the wraith's attack.
Josephine points at you and mumbles some strange words.
The ghostly flame explodes!
The ghostly fireball engulfs the wraith.
The wraith completely resists.
The ghostly fireball engulfs the wraith.
The wraith completely resists.
The ghostly fireball engulfs Josephine.
Josephine completely resists.
The ghostly fireball engulfs you!!
You feel drained.
You die...
Your body crumbles into a pile of gold.

.....!.
........... .....
#.........<# ##...
...........##
#..$##
...........)..
#.$..##Y.#
.....#..[
....h.##....#
.....#...
#....##W@W#.#
####..#.. ..#.
#$$W##.#### ##.#..
..(#.##$#@......#
#....
.......u###..##...
..... ..#.##.$#
.## ...### ....#
.# ... . #..#..#
.# ...###.# ..
..#. #.# .. . #
#># .. $$ $ $ #.#
$


You could see Josephine, a yak and 3 wraiths.

Vanquished Creatures
  A two-headed ogre (D:9)
  Pikel (D:8)
  A harpy (shapeshifter) (D:9)
  A gargoyle (D:10)
  2 trolls
  A hornet (D:8)
  A vampire (D:10)
  A wraith (D:10)
  A water moccasin (D:9)
  7 orc warriors
  2 ice beasts
  2 sky beasts
  2 phantoms
  3 centaurs
  An ogre (D:8)
  The ghost of hawla the Conjurer, an amateur DECj (D:3)
  4 lemures (D:8)
  2 big kobolds (D:8)
  A gnoll sergeant (D:3)
  4 bullfrogs
  4 killer bees (D:7)
  10 scorpions (Ossuary)
  2 howler monkeys
  A lava snake (D:9)
  4 centaur zombies
  4 hounds
  3 human zombies (Ossuary)
  A centaur skeleton (D:7)
  A jelly (D:10)
  5 orc priests
  2 bullfrog skeletons
  4 iguanas
  3 worker ants
  Natasha (thrice) (D:3)
  10 orc wizards
  A killer bee zombie (D:5)
  3 big kobold zombies (Ossuary)
  2 hound skeletons
  3 mummies (Ossuary)
  8 adders
  A gnoll (Bailey)
  2 scorpion zombies (Ossuary)
  A river rat (Sewer)
  2 shadow imps (D:6)
  2 white imps
  2 ufetubi
  3 oozes
  4 worms
  A dart slug (D:1)
  4 leopard geckos
  40 orcs
  8 giant cockroaches
  6 goblins
  6 hobgoblins
  4 jackals
  4 quokkas
  3 ball pythons
  5 bats
  11 frilled lizards
  3 gnoll zombies (Ossuary)
  2 goblin zombies (Ossuary)
  A hobgoblin zombie (Ossuary)
  A jackal zombie (D:6)
  34 kobolds
  14 rats
277 creatures vanquished.

Vanquished Creatures (others)
  A scorpion (Ossuary)
1 creature vanquished.

Grand Total: 278 creatures vanquished

Notes
Turn   | Place    | Note
-------+----------+-------------------------------------------
     0 | D:1      | Tirrikindir the Octopode Fighter began the quest for the
                  | Orb.
     0 | D:1      | Reached XP level 1. HP: 16/16 MP: 1/1
   209 | D:1      | Reached XP level 2. HP: 21/21 MP: 2/2
   263 | D:1      | Reached skill level 1 in Stealth
   692 | D:2      | Reached XP level 3. HP: 12/26 MP: 3/3
   931 | D:2      | Found a sacrificial altar of Ru.
   931 | D:2      | Found a stormy altar of Qazlal.
  1753 | D:3      | Noticed hawla's ghost (amateur DECj)
  1754 | D:3      | Noticed a gnoll sergeant
  1758 | D:3      | Found a runed translucent gate.
  1759 | D:3      | Found a runed translucent gate.
  1769 | D:3      | Found a runed translucent gate.
  1787 | D:3      | Reached XP level 4. HP: 24/31 MP: 4/4
  1792 | D:3      | Reached skill level 3 in Long Blades
  1874 | D:3      | Noticed Natasha
  1880 | D:3      | HP: 1/31 [Natasha (9)]
  1885 | D:3      | Killed Natasha
  1897 | D:3      | HP: 1/46 [orc/+0 mace (2)]
  1901 | D:3      | Reached XP level 5. HP: 2/36 MP: 5/5
  1909 | D:3      | HP: 2/81 [orc/+0 mace (1)]
  1933 | D:3      | Found a glowing drain.
  1952 | Sewer    | Entered a sewer
  2501 | D:3      | Noticed Natasha
  2510 | D:3      | Killed Natasha
  2730 | D:3      | Noticed Natasha
  2735 | D:3      | Killed Natasha
  2736 | D:3      | Reached XP level 6. HP: 41/43 MP: 6/6
  3060 | D:4      | Reached skill level 4 in Long Blades
  3774 | D:5      | Entered Level 5 of the Dungeon
  3776 | D:5      | Found a sand-covered staircase.
  3796 | Ossuary  | Entered an ossuary
  3850 | Ossuary  | Reached XP level 7. HP: 41/48 MP: 7/7
  3938 | Ossuary  | Reached skill level 5 in Long Blades
  4218 | Ossuary  | Reached skill level 6 in Long Blades
  4511 | Ossuary  | Reached skill level 7 in Long Blades
  4511 | Ossuary  | Reached XP level 8. HP: 24/54 MP: 8/8
  4840 | Ossuary  | Reached skill level 1 in Evocations
  4849 | Ossuary  | Reached skill level 8 in Long Blades
  5277 | D:5      | Found Kotan's Antique Weapon Boutique.
  5416 | D:5      | Found Noehap's General Store.
  5483 | D:5      | Found Nowagoih's Weapon Emporium.
  5577 | D:5      | Found a staircase to the Ecumenical Temple.
  5597 | Temple   | Entered the Ecumenical Temple
  5612 | Temple   | Became a worshipper of Gozag Ym Sagoz the Greedy
  6293 | D:5      | Found Hoxzofoew's Gadget Shop.
  6438 | D:3      | Killed hawla's ghost
  6773 | D:6      | Reached XP level 9. HP: 59/59 MP: 9/9
  7181 | D:6      | Gained mutation: You are occasionally teleported next to
                  | monsters. [potion of mutation]
  7181 | D:6      | Gained mutation: You have a pair of small antennae on your
                  | head. [potion of mutation]
  7181 | D:6      | Gained mutation: You are surrounded by a mild repulsion
                  | field. (EV +2) [potion of mutation]
  7182 | D:6      | Lost mutation: You are occasionally teleported next to
                  | monsters. [potion of mutation]
  7182 | D:6      | Lost mutation: You are surrounded by a mild repulsion
                  | field. (EV +2) [potion of mutation]
  7182 | D:6      | Gained mutation: You are robust. (+10% HP) [potion of
                  | mutation]
  7182 | D:6      | Gained mutation: You evolve. [potion of mutation]
  7233 | D:6      | Reached skill level 5 in Dodging
  7233 | D:6      | Reached skill level 5 in Stealth
  7233 | D:6      | Reached skill level 5 in Shields
  7742 | D:6      | Gained mutation: You are partially covered in thin metallic
                  | scales. (AC +2) [evolution]
  8866 | D:7      | Found a glowing golden altar of the Shining One.
  8866 | D:7      | Found a glowing silver altar of Zin.
  9109 | D:7      | Found Pulymir's Gadget Boutique.
 10364 | D:8      | Reached skill level 9 in Long Blades
 10405 | D:8      | Noticed a hornet
 10413 | D:8      | Killed a hornet
 10414 | D:8      | Reached skill level 5 in Fighting
 10463 | D:8      | Found a flagged portal.
 10515 | Bailey   | Entered a bailey
 10784 | Bailey   | Gained mutation: One of your tentacles bears a spike.
                  | [evolution]
 10837 | Bailey   | Reached XP level 10. HP: 72/72 MP: 10/10
 10845 | Bailey   | Found a bloodstained altar of Trog.
 10894 | D:8      | Noticed Pikel
 10904 | D:8      | Killed Pikel
 11295 | D:8      | Bought a glowing long sword for 156 gold pieces
 11370 | D:9      | Noticed a two-headed ogre
 11377 | D:9      | Killed a two-headed ogre
 11718 | D:9      | Gained mutation: You are partially covered in large bone
                  | plates. (SH +4) [evolution]
 11801 | D:9      | Noticed a cane toad
 11801 | D:9      | a soldier ant changed into a cane toad
 11805 | D:9      | Noticed a harpy
 11805 | D:9      | a cane toad changed into a harpy
 11808 | D:9      | Killed a harpy
 12097 | D:9      | Reached skill level 10 in Long Blades
 12110 | D:9      | Reached skill level 5 in Evocations
 12145 | D:9      | Found a burning altar of Makhleb.
 12475 | D:10     | Entered Level 10 of the Dungeon
 12724 | D:10     | Reached XP level 11. HP: 60/79 MP: 11/11
 12804 | D:10     | Found a sparkling altar of Nemelex Xobeh.
 12804 | D:10     | Noticed Josephine
 12957 | D:10     | Noticed a red ugly thing
 12960 | D:10     | Killed from afar by Josephine

Illustrated notes

Levels and vault maps discovered:
D:1:      dpeg_arrival_court, layout_basic, minmay_close_crescents
D:2:      layout_loops_ring, gammafunk_temple_overflow_elements,
          hangedman_decor_growths, minmay_pentomino_q2
D:3:      layout_rooms, gammafunk_ghost_split, cheibrodos_sewer_entry_drain,
          uniq_natasha
D:4:      cheibrodos_helix_gallery, layout_basic
D:5:      layout_rooms, minmay_temple_entry_large_hall,
          lightli_ossuary_entry_decrepit_ruins, serial_shops, shop_fountains,
          nicolae_shop_window_shopping, shop, kennysheep_mini_moat,
          minmay_statues_item, minmay_chambers_of_fives
D:6:      layout_layer_cave
D:7:      layout_layer_cave, amethyst_overflow_temple_binary, serial_shops, shop
D:8:      layout_rooms, enter_bailey_6, uniq_pikel
D:9:      lemuel_ice_spiral_2, layout_basic, basic_altar, grunt_decor_junction,
          eino_small_chamber_without_monster, kennysheep_just_a_vault
D:10:     layout_rooms, orc_david_3, basic_altar, amcnicky_mini_pool_small,
          uniq_josephine
Temple:   eino_narrow_crystal_temple

Skill      XL: |  1  2  3  4  5  6  7  8  9 10 |
---------------+-------------------------------+-----
Stealth        | 1 2 3 4 6 7 |  7.7
Long Blades    | 3 4 7 8 9 10 | 10.2
Shields        | 4 6 7 |  7.6
Dodging        | 4 6 7 |  7.7
Fighting       | 4 5 6 |  6.1
Evocations     | 2 3 5 |  5.3

Action                   |  1- 3 |  4- 6 |  7- 9 | 10-12 || total
-------------------------+-------+-------+-------+-------++-------
Melee: Long sword        |    63 |   110 |   302 |   185 ||   660
       Constrict         |    20 |    25 |    68 |    41 ||   154
       Tentacles         |    10 |    19 |    80 |    48 ||   157
       Kick              |       |       |     3 |    70 ||    73
Throw: Dart              |       |       |    16 |     1 ||    17
Invok: Call Merchant     |       |       |       |     2 ||     2
Evoke: Wand              |       |       |     3 |     5 ||     8
  Use: Scroll            |     7 |     4 |    15 |     5 ||    31
       Potion            |       |     7 |     6 |     1 ||    14
 Stab: Sleeping          |     8 |    11 |    10 |     4 ||    33
       Distracted        |     1 |       |     3 |     1 ||     5
Armor: Skin              |     1 |    28 |    15 |     9 ||    53
Dodge: Dodged            |    22 |    41 |   119 |    54 ||   236
Block: Kite shield       |    23 |    37 |   151 |   164 ||   375
       Reflection        |       |       |    11 |     9 ||    20
       Rpst.: Long sword |     8 |     9 |    38 |    12 ||    67
